Canadiens vs Golden Knights
Created - December 4, 2019 at 19:19
Goals
|
Canadiens |
1 |
1 |
0 |
2 |
Golden Knights |
1 |
2 |
0 |
3 |
|
Shots
|
Canadiens |
6 |
9 |
14 |
29 |
Golden Knights |
9 |
18 |
6 |
33 |
|
1st period
1. Canadiens , Brett Maclean 3 (Dustin Boyd 7) at 2:23
2. Golden Knights , Andrei Loktionov 10 (Tim Connolly 4, Alex Tanguay 7) at 7:29
Penalties :
Andrei Loktionov (Vgs) for Hooking (Minor) at 4:51, Henrik Sedin (Mon) for Hooking (Minor) at 8:04, Patrice Cormier (Vgs) for Holding (Minor) at 15:14
2nd period
3. Golden Knights , Jakub Kindl 1 (Michael Frolik 11, Andrei Loktionov 11) at 0:55 (PP)
4. Canadiens , Henrik Sedin 16 (Corey Perry 17) at 1:28
5. Golden Knights , Patrice Cormier 6 (Vladimir Mihalik 7, Michael Frolik 12) at 13:50
Penalties :
Henrik Sedin (Mon) for Interference (Minor) at 0:42, Frans Nielsen (Mon) for Slashing (Minor) at 7:15, Vitaly Vishnevsky (Mon) for Hooking (Minor) at 14:09, Henrik Sedin (Mon) for Slashing (Minor) at 16:17
3rd period
No Goal
Penalties :
Zack Kassian (Vgs) for Interference (Minor) at 2:07, Tim Connolly (Vgs) for Hooking (Minor) at 16:20
Goalie Stats
Henrik Lundqvist (Mon), 30 saves from 33 shots - (0.909), L, 8-4-3, 58:53 minutes
Robin Lehner (Vgs), 27 saves from 29 shots - (0.931), W, 5-8-2, 60:00 minutes
Players Stats for Canadiens
Player Name G A P +/- PIM S H SB GA TA FO MP PP MP PK MP
------------------------------------------------------------------------------------
Benoit Pouliot 0 0 0 1 0 9 4 0 1 0 0/0 20:03 4:23 0:38
Brett Maclean 1 0 1 0 0 2 0 0 0 0 0/0 10:36 0:00 0:00
Bryce Lampman 0 0 0 -1 0 0 3 1 0 1 0/0 17:37 3:03 0:00
Colton Parayko 0 0 0 1 0 1 1 2 0 0 0/0 25:34 4:53 3:04
Corey Perry 0 1 1 1 0 2 1 0 2 0 0/1 18:59 4:21 0:00
Dustin Boyd 0 1 1 0 0 4 3 1 1 0 6/12 16:08 0:05 4:57
Enver Lisin 0 0 0 0 0 0 0 0 0 0 0/0 10:57 0:02 0:00
Frans Nielsen 0 0 0 0 2 3 2 0 0 0 3/12 16:17 3:33 2:03
Greg Stewart 0 0 0 0 0 1 3 0 0 0 0/0 15:35 3:33 2:35
Henrik Sedin 1 0 1 1 6 3 2 0 1 1 18/31 18:40 4:18 0:47
Mark Stuart 0 0 0 1 0 2 0 3 0 2 0/0 23:34 0:00 5:05
Nikolai Zherdev 0 0 0 -1 0 0 0 0 0 1 0/0 8:40 0:00 0:00
Pierre-Marc Bouchard 0 0 0 -1 0 1 1 0 0 0 2/3 9:06 0:00 0:22
Raphael Diaz 0 0 0 0 0 0 1 2 0 0 0/0 24:28 4:53 5:05
Shaone Morrisonn 0 0 0 0 0 0 0 0 0 1 0/0 13:36 0:00 3:04
Steve Downie 0 0 0 0 0 0 1 0 0 0 0/0 18:02 3:33 4:56
Viktor Stalberg 0 0 0 -1 0 1 1 0 0 0 0/0 8:40 0:00 0:00
Vitaly Vishnevsky 0 0 0 -1 2 0 0 0 0 0 0/0 15:14 3:03 0:00
Players Stats for Golden Knights
Player Name G A P +/- PIM S H SB GA TA FO MP PP MP PK MP
------------------------------------------------------------------------------------
Alex Tanguay 0 1 1 0 0 3 3 0 0 0 0/1 16:53 3:54 2:34
Andrei Loktionov 1 1 2 0 2 5 3 0 1 0 13/23 19:08 5:21 0:40
Brad Richardson 0 0 0 -1 0 1 0 0 0 0 0/0 9:56 0:10 0:00
Brandon Bollig 0 0 0 0 0 2 0 0 0 0 0/0 7:57 0:00 0:14
Chris Higgins 0 0 0 1 0 3 1 1 1 0 0/0 13:47 0:00 1:00
Ilya Kovalchuk 0 0 0 -1 0 0 4 0 0 0 5/7 20:34 4:15 3:43
Jakub Kindl 1 0 1 -2 0 4 1 2 0 1 0/0 25:47 3:55 4:28
Jared Cowen 0 0 0 0 0 4 0 2 0 1 0/0 15:36 0:00 0:00
Mathew Dumba 0 0 0 2 0 1 1 0 0 0 0/0 14:20 0:00 3:28
Michael Frolik 0 2 2 1 0 2 3 1 0 0 0/1 17:20 3:44 1:40
Michael Kostka 0 0 0 1 0 1 2 0 0 0 0/0 23:47 3:55 3:28
Patrice Cormier 1 0 1 1 2 1 0 0 0 1 5/11 14:41 0:12 1:33
Scottie Upshall 0 0 0 0 0 0 1 0 0 0 0/0 7:55 0:00 0:00
Tim Connolly 0 1 1 0 2 1 1 1 0 1 3/9 15:26 2:36 1:53
Vincent Lecavalier 0 0 0 0 0 0 0 0 1 0 3/4 7:47 0:00 0:07
Vladimir Mihalik 0 1 1 1 0 1 1 1 0 0 0/0 14:30 4:14 0:00
Zach Bogosian 0 0 0 -2 0 2 4 0 3 1 0/0 26:00 4:14 4:28
Zack Kassian 0 0 0 -1 2 2 1 1 0 0 1/3 20:36 4:15 2:28
3 Stars
1 - Michael Frolik (Vgs)
2 - Andrei Loktionov (Vgs)
3 - Vladimir Mihalik (Vgs)
Power Play
Canadiens - 0 on 4 Attempt(s) - 0.00%
Golden Knights - 1 on 5 Attempt(s) - 20.00%
Penalty Kill
Canadiens - 4 on 5 Attempt(s) - 80.00%
- Score 0 goal in Penalty Kill
Golden Knights - 4 on 4 Attempt(s) - 100.00%
- Score 0 goal in Penalty Kill
Team Stat
Canadiens - Hits : 23 - Faceoff Wins : 29 - Blocked Shots : 9 - Penalty Minutes : 10
Golden Knights - Hits : 26 - Faceoff Wins : 30 - Blocked Shots : 9 - Penalty Minutes : 8
Official
Referees : Unknown
Linesman : Unknown
Game Notes
13:50 of 2nd period - Golden Knights goal is going for a video replay. After video review, Goal.
Finance
Level 1 -- Attendance: 5750 (95.83%) -- Ticket Income $534,750
Level 2 -- Attendance: 5000 (100.00%) -- Ticket Income $295,000
Level 3 -- Attendance: 1979 (98.95%) -- Ticket Income $77,181
Level 4 -- Attendance: 4000 (100.00%) -- Ticket Income $108,000
Luxury Box -- Attendance: 969 (96.90%) -- Ticket Income $155,040
Game was played at the Duff Garden.
Total Attendance: 17698 (98.32%)
Total Ticket Income: $1,169,971
Other Income: $175,496
Total Income: $1,345,467
Canadiens
5 vs 5 Forward
Center Left Wing Right Wing Time % Phy DF OF
1 Henrik Sedin Benoit Pouliot Corey Perry 40 0 1 4
2 Frans Nielsen Greg Stewart Steve Downie 30 0 1 4
3 Dustin Boyd Brett Maclean Enver Lisin 20 0 1 4
4 Pierre-Marc Bouchard Viktor Stalberg Nikolai Zherdev 10 1 2 2
5 vs 5 Defense
Defense Defense Time % Phy DF OF
1 Mark Stuart Colton Parayko 40 0 3 2
2 Bryce Lampman Raphael Diaz 30 0 3 2
3 Shaone Morrisonn Vitaly Vishnevsky 20 0 3 2
4 Colton Parayko Mark Stuart 10 0 2 3
PowerPlay Forward
Center Left Wing Right Wing Time % Phy DF OF
1 Henrik Sedin Benoit Pouliot Corey Perry 60 1 2 2
2 Frans Nielsen Greg Stewart Steve Downie 40 1 2 2
PowerPlay Defense
Defense Defense Time % Phy DF OF
1 Raphael Diaz Colton Parayko 60 1 2 2
2 Vitaly Vishnevsky Bryce Lampman 40 1 2 2
Penalty Kill 4 Players Forward
Center Wing Time % Phy DF OF
1 Dustin Boyd Steve Downie 60 1 2 2
2 Frans Nielsen Greg Stewart 40 1 2 2
Penalty Kill 4 Players Defense
Defense Defense Time % Phy DF OF
1 Mark Stuart Raphael Diaz 60 1 2 2
2 Shaone Morrisonn Colton Parayko 40 1 2 2
Penalty Kill - 3 Players Forward
Forward Time % Phy DF OF
1 Henrik Sedin 60 1 2 2
2 Dustin Boyd 40 1 2 2
Penalty Kill - 3 Players Defense
Defense Defense Time % Phy DF OF
1 Bryce Lampman Mark Stuart 60 1 2 2
2 Shaone Morrisonn Raphael Diaz 40 1 2 2
4 vs 4 Forward
Center Wing Time % Phy DF OF
1 Pierre-Marc Bouchard Corey Perry 60 1 2 2
2 Henrik Sedin Benoit Pouliot 40 1 2 2
4 vs 4 Defense
Defense Defense Time % Phy DF OF
1 Vitaly Vishnevsky Mark Stuart 60 1 2 2
2 Shaone Morrisonn Mark Stuart 40 1 2 2
Last Minutes Offensive
Center Left Wing Right Wing Defense Defense
Frans Nielsen Benoit Pouliot Corey Perry Raphael Diaz Vitaly Vishnevsky
Last Minutes Defensive
Center Left Wing Right Wing Defense Defense
Frans Nielsen Greg Stewart Steve Downie Shaone Morrisonn Mark Stuart
Goaltenders
Starting : Henrik Lundqvist
Backup : Allen York
Extra Forwards
Normal : Corey Perry, Benoit Pouliot, Frans Nielsen - PP : Corey Perry, Benoit Pouliot - PK : Steve Downie
Extra Defensemen
Normal : Colton Parayko, Mark Stuart, Raphael Diaz - PP : Vitaly Vishnevsky - PK : Shaone Morrisonn, Mark Stuart
Penalty Shots
Corey Perry, Frans Nielsen, Greg Stewart, Benoit Pouliot, Henrik Sedin
Scratches
None
Golden Knights
5 vs 5 Forward
Center Left Wing Right Wing Time % Phy DF OF
1 Andrei Loktionov Ilya Kovalchuk Zack Kassian 30 1 2 2
2 Patrice Cormier Chris Higgins Michael Frolik 30 1 2 2
3 Tim Connolly Alex Tanguay Brad Richardson 25 1 2 2
4 Vincent Lecavalier Brandon Bollig Scottie Upshall 15 1 2 2
5 vs 5 Defense
Defense Defense Time % Phy DF OF
1 Zach Bogosian Jakub Kindl 40 1 2 2
2 Michael Kostka Jared Cowen 30 1 2 2
3 Mathew Dumba Vladimir Mihalik 20 1 2 2
4 Zach Bogosian Jared Cowen 10 1 2 2
PowerPlay Forward
Center Left Wing Right Wing Time % Phy DF OF
1 Andrei Loktionov Ilya Kovalchuk Zack Kassian 50 1 2 2
2 Andrei Loktionov Alex Tanguay Michael Frolik 50 1 2 2
PowerPlay Defense
Defense Defense Time % Phy DF OF
1 Zach Bogosian Vladimir Mihalik 50 1 2 2
2 Michael Kostka Jakub Kindl 50 1 2 2
Penalty Kill 4 Players Forward
Center Wing Time % Phy DF OF
1 Ilya Kovalchuk Zack Kassian 60 1 2 2
2 Patrice Cormier Michael Frolik 40 1 2 2
Penalty Kill 4 Players Defense
Defense Defense Time % Phy DF OF
1 Zach Bogosian Jakub Kindl 60 1 2 2
2 Michael Kostka Mathew Dumba 40 1 2 2
Penalty Kill - 3 Players Forward
Forward Time % Phy DF OF
1 Ilya Kovalchuk 70 1 2 2
2 Zack Kassian 30 1 2 2
Penalty Kill - 3 Players Defense
Defense Defense Time % Phy DF OF
1 Jakub Kindl Michael Kostka 70 1 2 2
2 Jared Cowen Zach Bogosian 30 1 2 2
4 vs 4 Forward
Center Wing Time % Phy DF OF
1 Tim Connolly Michael Frolik 50 1 2 2
2 Vincent Lecavalier Brandon Bollig 50 1 2 2
4 vs 4 Defense
Defense Defense Time % Phy DF OF
1 Zach Bogosian Jakub Kindl 50 1 2 2
2 Michael Kostka Jared Cowen 50 1 2 2
Last Minutes Offensive
Center Left Wing Right Wing Defense Defense
Andrei Loktionov Ilya Kovalchuk Michael Frolik Zach Bogosian Mathew Dumba
Last Minutes Defensive
Center Left Wing Right Wing Defense Defense
Patrice Cormier Chris Higgins Zack Kassian Michael Kostka Jakub Kindl
Goaltenders
Starting : Robin Lehner
Backup : Matt Hackett
Extra Forwards
Normal : Alex Tanguay, Scottie Upshall, Brad Richardson - PP : Alex Tanguay, Michael Frolik - PK : Ilya Kovalchuk
Extra Defensemen
Normal : Mathew Dumba, Vladimir Mihalik, Jakub Kindl - PP : Zach Bogosian - PK : Mathew Dumba, Michael Kostka
Penalty Shots
Ilya Kovalchuk, Michael Frolik, Vincent Lecavalier, Chris Higgins, Scottie Upshall
Scratches
None
% Time on Ice - Canadiens
Lines # - Real PCT - Wanted PCT - Time Play
Normal Forward
1 - 33% - 40% - 13:58
2 - 23% - 30% - 9:52
3 - 24% - 20% - 10:11
4 - 20% - 10% - 8:40
Normal Defense
1 - 41% - 40% - 17:25
2 - 33% - 30% - 13:59
3 - 24% - 20% - 10:15
4 - 2% - 10% - 1:02
PP Forward
1 - 55% - 60% - 4:23
2 - 45% - 40% - 3:33
PP Defense
1 - 62% - 60% - 4:53
2 - 38% - 40% - 3:03
PK Forward
1 - 68% - 60% - 5:34
2 - 32% - 40% - 2:35
PK Defense
1 - 62% - 60% - 5:05
2 - 38% - 40% - 3:04
PK3 Forward
1 - 0% - 60%
2 - 0% - 40%
PK3 Defense
1 - 0% - 60%
2 - 0% - 40%
44 Forward
1 - 0% - 60%
2 - 0% - 40%
44 Defense
1 - 0% - 60%
2 - 0% - 40%
Last Minute Offensive - 1:14
Last Minute Defensive - 0:00
Total
Forward - 60:00
Defense - 60:00
|
% Time on Ice - Golden Knights
Lines # - Real PCT - Wanted PCT - Time Play
Normal Forward
1 - 31% - 30% - 13:18
2 - 28% - 30% - 11:56
3 - 23% - 25% - 9:46
4 - 18% - 15% - 7:40
Normal Defense
1 - 37% - 40% - 15:39
2 - 36% - 30% - 15:09
3 - 24% - 20% - 10:13
4 - 4% - 10% - 1:39
PP Forward
1 - 52% - 50% - 4:15
2 - 48% - 50% - 3:54
PP Defense
1 - 52% - 50% - 4:14
2 - 48% - 50% - 3:55
PK Forward
1 - 79% - 60% - 6:16
2 - 21% - 40% - 1:40
PK Defense
1 - 56% - 60% - 4:28
2 - 44% - 40% - 3:28
PK3 Forward
1 - 0% - 70%
2 - 0% - 30%
PK3 Defense
1 - 0% - 70%
2 - 0% - 30%
44 Forward
1 - 0% - 50%
2 - 0% - 50%
44 Defense
1 - 0% - 50%
2 - 0% - 50%
Last Minute Offensive - 0:00
Last Minute Defensive - 1:15
Total
Forward - 60:00
Defense - 60:00
|
Play-by-Play
1st period
0:01 of 1st period - Andrei Loktionov wins face-off versus Henrik Sedin in neutral zone.
0:26 of 1st period - Mark Stuart is hit by Zach Bogosian and loses puck.
0:55 of 1st period - Snap shot by Brett Maclean.
0:55 of 1st period - Shot Misses the Net.
1:29 of 1st period - Vitaly Vishnevsky is hit by Andrei Loktionov and loses puck.
1:54 of 1st period - Snap shot by Greg Stewart.
1:54 of 1st period - Shot Blocked by Michael Frolik.
1:56 of 1st period - Snap shot by Steve Downie.
1:56 of 1st period - Shot Misses the Net.
1:58 of 1st period - Snap shot by Shaone Morrisonn.
1:58 of 1st period - Shot Misses the Net.
2:14 of 1st period - Zach Bogosian is hit by Dustin Boyd and loses puck.
2:23 of 1st period - Wrist shot by Brett Maclean.
2:23 of 1st period - Goal by Brett Maclean - Canadiens : 1 - Golden Knights : 0.
2:24 of 1st period - Henrik Sedin wins face-off versus Andrei Loktionov in neutral zone.
2:51 of 1st period - Jared Cowen is hit by Steve Downie.
4:19 of 1st period - Snap shot by Chris Higgins.
4:19 of 1st period - Stopped by Henrik Lundqvist with a rebound.
4:44 of 1st period - Slapshot by Vincent Lecavalier.
4:44 of 1st period - Shot Misses the Net.
4:46 of 1st period - Slapshot by Jakub Kindl.
4:46 of 1st period - Stopped by Henrik Lundqvist without a rebound.
4:47 of 1st period - Henrik Sedin wins face-off versus Andrei Loktionov in Canadiens zone.
4:51 of 1st period - Minor Penalty to Andrei Loktionov for Hooking.
4:52 of 1st period - Henrik Sedin wins face-off versus Ilya Kovalchuk in Golden Knights zone.
5:00 of 1st period - Wrist shot by Corey Perry.
5:00 of 1st period - Shot Misses the Net.
5:08 of 1st period - Snap shot by Benoit Pouliot.
5:08 of 1st period - Stopped by Robin Lehner without a rebound.
5:09 of 1st period - Ilya Kovalchuk wins face-off versus Frans Nielsen in Golden Knights zone.
5:36 of 1st period - Raphael Diaz is hit by Zach Bogosian and loses puck.
5:53 of 1st period - Greg Stewart is hit by Zach Bogosian and loses puck.
6:51 of 1st period - Penalty to Andrei Loktionov is over, Andrei Loktionov is back on ice.
7:27 of 1st period - Snap shot by Andrei Loktionov.
7:27 of 1st period - Shot Blocked by Bryce Lampman.
7:29 of 1st period - Wrist shot by Andrei Loktionov.
7:29 of 1st period - Goal by Andrei Loktionov - Canadiens : 1 - Golden Knights : 1.
7:30 of 1st period - Henrik Sedin wins face-off versus Patrice Cormier in neutral zone.
7:39 of 1st period - Wrist shot by Henrik Sedin.
7:39 of 1st period - Stopped by Robin Lehner without a rebound.
7:40 of 1st period - Patrice Cormier wins face-off versus Henrik Sedin in Golden Knights zone.
7:53 of 1st period - Slapshot by Zach Bogosian.
7:53 of 1st period - Shot Blocked by Colton Parayko.
8:04 of 1st period - Minor Penalty to Henrik Sedin for Hooking.
8:05 of 1st period - Andrei Loktionov wins face-off versus Dustin Boyd in Canadiens zone.
8:45 of 1st period - Mark Stuart is hit by Ilya Kovalchuk and loses puck.
9:30 of 1st period - Vladimir Mihalik is hit by Frans Nielsen and loses puck.
9:43 of 1st period - Zach Bogosian is hit by Dustin Boyd and loses puck.
10:04 of 1st period - Penalty to Henrik Sedin is over, Henrik Sedin is back on ice.
10:07 of 1st period - Off-side.
10:08 of 1st period - Henrik Sedin wins face-off versus Vincent Lecavalier in neutral zone.
10:38 of 1st period - Viktor Stalberg is hit by Michael Frolik and loses puck.
10:59 of 1st period - Mark Stuart is hit by Ilya Kovalchuk and loses puck.
11:16 of 1st period - Wrist shot by Henrik Sedin.
11:16 of 1st period - Shot Misses the Net.
11:18 of 1st period - Wrist shot by Henrik Sedin.
11:18 of 1st period - Shot Misses the Net.
11:20 of 1st period - Snap shot by Benoit Pouliot.
11:20 of 1st period - Stopped by Robin Lehner with a rebound.
11:22 of 1st period - Wrist shot by Benoit Pouliot.
11:22 of 1st period - Stopped by Robin Lehner with a rebound.
11:24 of 1st period - Slapshot by Mark Stuart.
11:24 of 1st period - Shot Misses the Net.
12:17 of 1st period - Slapshot by Zach Bogosian.
12:17 of 1st period - Shot Misses the Net.
12:25 of 1st period - Snap shot by Michael Frolik.
12:25 of 1st period - Shot Misses the Net.
12:35 of 1st period - Raphael Diaz is hit by Alex Tanguay.
13:20 of 1st period - Off-side.
13:21 of 1st period - Ilya Kovalchuk wins face-off versus Frans Nielsen in neutral zone.
13:55 of 1st period - Benoit Pouliot is hit by Michael Frolik.
14:13 of 1st period - Slapshot by Zach Bogosian.
14:13 of 1st period - Stopped by Henrik Lundqvist with a rebound.
14:15 of 1st period - Slapshot by Jakub Kindl.
14:15 of 1st period - Stopped by Henrik Lundqvist with a rebound.
15:14 of 1st period - Minor Penalty to Patrice Cormier for Holding.
15:15 of 1st period - Ilya Kovalchuk wins face-off versus Henrik Sedin in Golden Knights zone.
15:28 of 1st period - Wrist shot by Ilya Kovalchuk.
15:28 of 1st period - Deflect By Zack Kassian.
15:28 of 1st period - Stopped by Henrik Lundqvist with a rebound.
15:54 of 1st period - Snap shot by Greg Stewart.
15:54 of 1st period - Stopped by Robin Lehner with a rebound.
16:04 of 1st period - Tim Connolly is hit by Benoit Pouliot and loses puck.
16:33 of 1st period - Zach Bogosian is hit by Benoit Pouliot and loses puck.
17:14 of 1st period - Penalty to Patrice Cormier is over, Patrice Cormier is back on ice.
17:35 of 1st period - Snap shot by Michael Frolik.
17:35 of 1st period - Shot Misses the Net.
17:37 of 1st period - Slapshot by Jakub Kindl.
17:37 of 1st period - Deflect By Colton Parayko.
17:37 of 1st period - Stopped by Henrik Lundqvist without a rebound.
17:38 of 1st period - Vincent Lecavalier wins face-off versus Pierre-Marc Bouchard in Canadiens zone.
17:41 of 1st period - Slapshot by Scottie Upshall.
17:41 of 1st period - Shot Misses the Net.
17:43 of 1st period - Snap shot by Jared Cowen.
17:43 of 1st period - Stopped by Henrik Lundqvist with a rebound.
17:45 of 1st period - Slapshot by Michael Kostka.
17:45 of 1st period - Stopped by Henrik Lundqvist with a rebound.
17:54 of 1st period - Off-side.
17:55 of 1st period - Frans Nielsen wins face-off versus Andrei Loktionov in neutral zone.
18:06 of 1st period - Snap shot by Frans Nielsen.
18:06 of 1st period - Deflect By Andrei Loktionov.
18:06 of 1st period - Shot Misses the Net.
18:06 of 1st period - Puck is out of play.
18:07 of 1st period - Patrice Cormier wins face-off versus Frans Nielsen in Golden Knights zone.
18:20 of 1st period - Wrist shot by Frans Nielsen.
18:20 of 1st period - Shot Misses the Net.
19:18 of 1st period - Enver Lisin is hit by Jakub Kindl and loses puck.
19:47 of 1st period - Steve Downie is hit by Vladimir Mihalik and loses puck.
Goals for this period are 1 for Canadiens vs 1 for Golden Knights.
Shots for this period are 6 for Canadiens vs 9 for Golden Knights.
2nd period
0:01 of 2nd period - Tim Connolly wins face-off versus Henrik Sedin in neutral zone.
0:16 of 2nd period - Wrist shot by Alex Tanguay.
0:16 of 2nd period - Stopped by Henrik Lundqvist without a rebound.
0:17 of 2nd period - Frans Nielsen wins face-off versus Zack Kassian in Canadiens zone.
0:17 of 2nd period - Frans Nielsen is hit by Ilya Kovalchuk.
0:29 of 2nd period - Slapshot by Zach Bogosian.
0:29 of 2nd period - Shot Misses the Net.
0:42 of 2nd period - Minor Penalty to Henrik Sedin for Interference.
0:43 of 2nd period - Dustin Boyd wins face-off versus Andrei Loktionov in Canadiens zone.
0:53 of 2nd period - Wrist shot by Michael Frolik.
0:53 of 2nd period - Stopped by Henrik Lundqvist with a rebound.
0:55 of 2nd period - Slapshot by Jakub Kindl.
0:55 of 2nd period - Goal by Jakub Kindl - Canadiens : 1 - Golden Knights : 2.
0:56 of 2nd period - Henrik Sedin wins face-off versus Tim Connolly in neutral zone.
1:01 of 2nd period - Wrist shot by Benoit Pouliot.
1:01 of 2nd period - Shot Misses the Net.
1:08 of 2nd period - Off-side.
1:09 of 2nd period - Henrik Sedin wins face-off versus Patrice Cormier in neutral zone.
1:16 of 2nd period - Wrist shot by Benoit Pouliot.
1:16 of 2nd period - Stopped by Robin Lehner without a rebound.
1:17 of 2nd period - Henrik Sedin wins face-off versus Patrice Cormier in Golden Knights zone.
1:24 of 2nd period - Wrist shot by Henrik Sedin.
1:24 of 2nd period - Stopped by Robin Lehner without a rebound.
1:25 of 2nd period - Henrik Sedin wins face-off versus Andrei Loktionov in Golden Knights zone.
1:28 of 2nd period - Snap shot by Henrik Sedin.
1:28 of 2nd period - Goal by Henrik Sedin - Canadiens : 2 - Golden Knights : 2.
1:29 of 2nd period - Andrei Loktionov wins face-off versus Henrik Sedin in neutral zone.
1:32 of 2nd period - Slapshot by Zach Bogosian.
1:32 of 2nd period - Deflect By Colton Parayko.
1:32 of 2nd period - Stopped by Henrik Lundqvist with a rebound.
1:34 of 2nd period - Slapshot by Zach Bogosian.
1:34 of 2nd period - Shot Blocked by Colton Parayko.
1:56 of 2nd period - Mark Stuart is hit by Chris Higgins and loses puck.
2:01 of 2nd period - Snap shot by Michael Frolik.
2:01 of 2nd period - Shot Blocked by Mark Stuart.
2:25 of 2nd period - Slapshot by Greg Stewart.
2:25 of 2nd period - Shot Misses the Net.
2:27 of 2nd period - Slapshot by Colton Parayko.
2:27 of 2nd period - Shot Blocked by Jared Cowen.
2:29 of 2nd period - Wrist shot by Colton Parayko.
2:29 of 2nd period - Shot Blocked by Tim Connolly.
2:33 of 2nd period - Snap shot by Frans Nielsen.
2:33 of 2nd period - Deflect By Jared Cowen.
2:33 of 2nd period - Stopped by Robin Lehner without a rebound.
2:34 of 2nd period - Andrei Loktionov wins face-off versus Dustin Boyd in Golden Knights zone.
2:34 of 2nd period - Andrei Loktionov is hit by Dustin Boyd.
2:40 of 2nd period - Slapshot by Enver Lisin.
2:40 of 2nd period - Shot Blocked by Jakub Kindl.
2:42 of 2nd period - Slapshot by Raphael Diaz.
2:42 of 2nd period - Shot Blocked by Zack Kassian.
2:44 of 2nd period - Snap shot by Dustin Boyd.
2:44 of 2nd period - Stopped by Robin Lehner without a rebound.
2:45 of 2nd period - Tim Connolly wins face-off versus Frans Nielsen in Golden Knights zone.
4:26 of 2nd period - Wrist shot by Viktor Stalberg.
4:26 of 2nd period - Shot Blocked by Vladimir Mihalik.
4:36 of 2nd period - Slapshot by Henrik Sedin.
4:36 of 2nd period - Shot Misses the Net.
4:38 of 2nd period - Slapshot by Mark Stuart.
4:38 of 2nd period - Deflect By Benoit Pouliot.
4:38 of 2nd period - Shot Misses the Net.
4:38 of 2nd period - Puck is out of play.
4:39 of 2nd period - Henrik Sedin wins face-off versus Tim Connolly in Golden Knights zone.
5:06 of 2nd period - Greg Stewart is hit by Michael Kostka and loses puck.
5:21 of 2nd period - Michael Kostka is hit by Greg Stewart and loses puck.
5:42 of 2nd period - Wrist shot by Michael Frolik.
5:42 of 2nd period - Stopped by Henrik Lundqvist with a rebound.
5:44 of 2nd period - Snap shot by Patrice Cormier.
5:44 of 2nd period - Shot Misses the Net.
6:02 of 2nd period - Snap shot by Dustin Boyd.
6:02 of 2nd period - Stopped by Robin Lehner with a rebound.
6:08 of 2nd period - Snap shot by Michael Frolik.
6:08 of 2nd period - Shot Misses the Net.
6:10 of 2nd period - Slapshot by Jared Cowen.
6:10 of 2nd period - Shot Blocked by Raphael Diaz.
6:12 of 2nd period - Slapshot by Patrice Cormier.
6:12 of 2nd period - Shot Misses the Net.
6:14 of 2nd period - Slapshot by Patrice Cormier.
6:14 of 2nd period - Shot Misses the Net.
6:16 of 2nd period - Slapshot by Jared Cowen.
6:16 of 2nd period - Deflect By Dustin Boyd.
6:16 of 2nd period - Stopped by Henrik Lundqvist with a rebound.
6:18 of 2nd period - Wrist shot by Chris Higgins.
6:18 of 2nd period - Stopped by Henrik Lundqvist with a rebound.
6:20 of 2nd period - Slapshot by Jared Cowen.
6:20 of 2nd period - Stopped by Henrik Lundqvist without a rebound.
6:21 of 2nd period - Ilya Kovalchuk wins face-off versus Henrik Sedin in Canadiens zone.
6:48 of 2nd period - Zach Bogosian is hit by Colton Parayko.
6:54 of 2nd period - Wrist shot by Tim Connolly.
6:54 of 2nd period - Shot Blocked by Mark Stuart.
7:15 of 2nd period - Minor Penalty to Frans Nielsen for Slashing.
7:16 of 2nd period - Dustin Boyd wins face-off versus Andrei Loktionov in Canadiens zone.
8:27 of 2nd period - Tim Connolly is hit by Greg Stewart and loses puck.
9:15 of 2nd period - Penalty to Frans Nielsen is over, Frans Nielsen is back on ice.
9:29 of 2nd period - Brandon Bollig is hit by Bryce Lampman and loses puck.
9:35 of 2nd period - Icing by Vincent Lecavalier.
9:36 of 2nd period - Vincent Lecavalier wins face-off versus Henrik Sedin in Golden Knights zone.
9:43 of 2nd period - Snap shot by Vincent Lecavalier.
9:43 of 2nd period - Deflect By Brandon Bollig.
9:43 of 2nd period - Stopped by Henrik Lundqvist with a rebound.
9:57 of 2nd period - Vladimir Mihalik is hit by Viktor Stalberg and loses puck.
10:23 of 2nd period - Slapshot by Alex Tanguay.
10:23 of 2nd period - Stopped by Henrik Lundqvist without a rebound.
10:24 of 2nd period - Henrik Sedin wins face-off versus Andrei Loktionov in Canadiens zone.
10:44 of 2nd period - Andrei Loktionov is hit by Henrik Sedin and loses puck.
10:57 of 2nd period - Snap shot by Brad Richardson.
10:57 of 2nd period - Shot Blocked by Raphael Diaz.
10:59 of 2nd period - Snap shot by Tim Connolly.
10:59 of 2nd period - Stopped by Henrik Lundqvist with a rebound.
11:01 of 2nd period - Wrist shot by Tim Connolly.
11:01 of 2nd period - Shot Misses the Net.
11:03 of 2nd period - Slapshot by Tim Connolly.
11:03 of 2nd period - Shot Misses the Net.
12:05 of 2nd period - Snap shot by Corey Perry.
12:05 of 2nd period - Stopped by Robin Lehner without a rebound.
12:06 of 2nd period - Zack Kassian wins face-off versus Henrik Sedin in Golden Knights zone.
12:48 of 2nd period - Snap shot by Benoit Pouliot.
12:48 of 2nd period - Stopped by Robin Lehner without a rebound.
12:49 of 2nd period - Andrei Loktionov wins face-off versus Frans Nielsen in Golden Knights zone.
13:46 of 2nd period - Snap shot by Michael Frolik.
13:46 of 2nd period - Shot Misses the Net.
13:48 of 2nd period - Slapshot by Vladimir Mihalik.
13:48 of 2nd period - Stopped by Henrik Lundqvist with a rebound.
13:50 of 2nd period - Slapshot by Patrice Cormier.
13:50 of 2nd period - Golden Knights goal is going for a video replay.
13:50 of 2nd period - The goal is good.
13:50 of 2nd period - Goal by Patrice Cormier - Canadiens : 2 - Golden Knights : 3.
13:51 of 2nd period - Andrei Loktionov wins face-off versus Henrik Sedin in neutral zone.
13:54 of 2nd period - Snap shot by Andrei Loktionov.
13:54 of 2nd period - Stopped by Henrik Lundqvist without a rebound.
13:55 of 2nd period - Andrei Loktionov wins face-off versus Henrik Sedin in Canadiens zone.
14:09 of 2nd period - Minor Penalty to Vitaly Vishnevsky for Hooking.
14:10 of 2nd period - Andrei Loktionov wins face-off versus Dustin Boyd in Canadiens zone.
14:26 of 2nd period - Icing by Michael Kostka.
14:27 of 2nd period - Andrei Loktionov wins face-off versus Dustin Boyd in Golden Knights zone.
15:09 of 2nd period - Colton Parayko is hit by Andrei Loktionov and loses puck.
15:20 of 2nd period - Wrist shot by Andrei Loktionov.
15:20 of 2nd period - Stopped by Henrik Lundqvist without a rebound.
15:21 of 2nd period - Dustin Boyd wins face-off versus Alex Tanguay in Canadiens zone.
15:21 of 2nd period - Dustin Boyd is hit by Alex Tanguay.
15:36 of 2nd period - Wrist shot by Alex Tanguay.
15:36 of 2nd period - Stopped by Henrik Lundqvist without a rebound.
15:37 of 2nd period - Andrei Loktionov wins face-off versus Dustin Boyd in Canadiens zone.
16:02 of 2nd period - Raphael Diaz is hit by Tim Connolly.
16:09 of 2nd period - Penalty to Vitaly Vishnevsky is over, Vitaly Vishnevsky is back on ice.
16:17 of 2nd period - Minor Penalty to Henrik Sedin for Slashing.
16:18 of 2nd period - Andrei Loktionov wins face-off versus Dustin Boyd in Canadiens zone.
16:31 of 2nd period - Slapshot by Andrei Loktionov.
16:31 of 2nd period - Stopped by Henrik Lundqvist without a rebound.
16:32 of 2nd period - Dustin Boyd wins face-off versus Andrei Loktionov in Canadiens zone.
16:32 of 2nd period - Dustin Boyd is hit by Zach Bogosian.
17:19 of 2nd period - Icing by Tim Connolly.
17:20 of 2nd period - Andrei Loktionov wins face-off versus Frans Nielsen in Golden Knights zone.
18:17 of 2nd period - Penalty to Henrik Sedin is over, Henrik Sedin is back on ice.
18:22 of 2nd period - Snap shot by Vincent Lecavalier.
18:22 of 2nd period - Deflect By Brandon Bollig.
18:22 of 2nd period - Stopped by Henrik Lundqvist without a rebound.
18:23 of 2nd period - Vincent Lecavalier wins face-off versus Henrik Sedin in Canadiens zone.
18:47 of 2nd period - Icing by Shaone Morrisonn.
18:48 of 2nd period - Pierre-Marc Bouchard wins face-off versus Patrice Cormier in Canadiens zone.
19:16 of 2nd period - Snap shot by Corey Perry.
19:16 of 2nd period - Shot Misses the Net.
19:18 of 2nd period - Wrist shot by Colton Parayko.
19:18 of 2nd period - Shot Misses the Net.
19:20 of 2nd period - Snap shot by Benoit Pouliot.
19:20 of 2nd period - Stopped by Robin Lehner without a rebound.
19:21 of 2nd period - Henrik Sedin wins face-off versus Ilya Kovalchuk in Golden Knights zone.
19:26 of 2nd period - Snap shot by Benoit Pouliot.
19:26 of 2nd period - Shot Misses the Net.
19:28 of 2nd period - Slapshot by Corey Perry.
19:28 of 2nd period - Deflect By Benoit Pouliot.
19:28 of 2nd period - Shot Misses the Net.
19:28 of 2nd period - Puck is out of play.
19:29 of 2nd period - Andrei Loktionov wins face-off versus Corey Perry in Golden Knights zone.
19:29 of 2nd period - Andrei Loktionov is hit by Benoit Pouliot.
19:46 of 2nd period - Snap shot by Corey Perry.
19:46 of 2nd period - Shot Blocked by Jared Cowen.
Goals for this period are 1 for Canadiens vs 2 for Golden Knights.
Shots for this period are 9 for Canadiens vs 18 for Golden Knights.
3rd period
0:01 of 3rd period - Tim Connolly wins face-off versus Frans Nielsen in neutral zone.
0:40 of 3rd period - Slapshot by Jared Cowen.
0:40 of 3rd period - Stopped by Henrik Lundqvist with a rebound.
0:42 of 3rd period - Snap shot by Andrei Loktionov.
0:42 of 3rd period - Stopped by Henrik Lundqvist without a rebound.
0:43 of 3rd period - Dustin Boyd wins face-off versus Patrice Cormier in Canadiens zone.
0:58 of 3rd period - Snap shot by Dustin Boyd.
0:58 of 3rd period - Stopped by Robin Lehner with a rebound.
1:00 of 3rd period - Slapshot by Bryce Lampman.
1:00 of 3rd period - Shot Blocked by Jakub Kindl.
1:10 of 3rd period - Michael Frolik is hit by Frans Nielsen.
1:37 of 3rd period - Slapshot by Benoit Pouliot.
1:37 of 3rd period - Shot Misses the Net.
1:50 of 3rd period - Off-side.
1:51 of 3rd period - Pierre-Marc Bouchard wins face-off versus Andrei Loktionov in neutral zone.
2:05 of 3rd period - Snap shot by Pierre-Marc Bouchard.
2:05 of 3rd period - Stopped by Robin Lehner with a rebound.
2:07 of 3rd period - Minor Penalty to Zack Kassian for Interference.
2:08 of 3rd period - Ilya Kovalchuk wins face-off versus Henrik Sedin in Golden Knights zone.
4:07 of 3rd period - Penalty to Zack Kassian is over, Zack Kassian is back on ice.
4:25 of 3rd period - Dustin Boyd is hit by Michael Kostka and loses puck.
4:48 of 3rd period - Viktor Stalberg is hit by Michael Frolik and loses puck.
6:35 of 3rd period - Frans Nielsen is hit by Ilya Kovalchuk and loses puck.
6:48 of 3rd period - Enver Lisin is hit by Mathew Dumba and loses puck.
7:27 of 3rd period - Michael Frolik is hit by Henrik Sedin and loses puck.
8:45 of 3rd period - Wrist shot by Enver Lisin.
8:45 of 3rd period - Shot Misses the Net.
8:47 of 3rd period - Wrist shot by Dustin Boyd.
8:47 of 3rd period - Stopped by Robin Lehner without a rebound.
8:48 of 3rd period - Henrik Sedin wins face-off versus Tim Connolly in Golden Knights zone.
8:57 of 3rd period - Snap shot by Benoit Pouliot.
8:57 of 3rd period - Stopped by Robin Lehner without a rebound.
8:58 of 3rd period - Henrik Sedin wins face-off versus Tim Connolly in Golden Knights zone.
9:05 of 3rd period - Snap shot by Benoit Pouliot.
9:05 of 3rd period - Deflect By Henrik Sedin.
9:05 of 3rd period - Shot Misses the Net.
9:05 of 3rd period - Puck is out of play.
9:06 of 3rd period - Henrik Sedin wins face-off versus Andrei Loktionov in Golden Knights zone.
9:40 of 3rd period - Brad Richardson is hit by Bryce Lampman and loses puck.
9:59 of 3rd period - Michael Kostka is hit by Pierre-Marc Bouchard and loses puck.
10:38 of 3rd period - Ilya Kovalchuk is hit by Benoit Pouliot and loses puck.
11:07 of 3rd period - Michael Kostka is hit by Greg Stewart and loses puck.
11:34 of 3rd period - Jared Cowen is hit by Bryce Lampman and loses puck.
11:49 of 3rd period - Wrist shot by Chris Higgins.
11:49 of 3rd period - Stopped by Henrik Lundqvist without a rebound.
11:50 of 3rd period - Patrice Cormier wins face-off versus Henrik Sedin in Canadiens zone.
12:01 of 3rd period - Slapshot by Chris Higgins.
12:01 of 3rd period - Shot Blocked by Mark Stuart.
13:03 of 3rd period - Slapshot by Brad Richardson.
13:03 of 3rd period - Stopped by Henrik Lundqvist with a rebound.
13:05 of 3rd period - Slapshot by Mathew Dumba.
13:05 of 3rd period - Stopped by Henrik Lundqvist without a rebound.
13:06 of 3rd period - Dustin Boyd wins face-off versus Zack Kassian in Canadiens zone.
13:06 of 3rd period - Dustin Boyd is hit by Zack Kassian.
13:18 of 3rd period - Wrist shot by Brett Maclean.
13:18 of 3rd period - Shot Misses the Net.
13:30 of 3rd period - Wrist shot by Brett Maclean.
13:30 of 3rd period - Stopped by Robin Lehner with a rebound.
14:05 of 3rd period - Mark Stuart is hit by Andrei Loktionov and loses puck.
14:42 of 3rd period - Jared Cowen is hit by Raphael Diaz.
15:10 of 3rd period - Backhand shot by Zack Kassian.
15:10 of 3rd period - Shot Blocked by Dustin Boyd.
15:12 of 3rd period - Wrist shot by Zack Kassian.
15:12 of 3rd period - Shot Misses the Net.
15:14 of 3rd period - Slapshot by Michael Kostka.
15:14 of 3rd period - Deflect By Zack Kassian.
15:14 of 3rd period - Stopped by Henrik Lundqvist without a rebound.
15:15 of 3rd period - Henrik Sedin wins face-off versus Tim Connolly in Canadiens zone.
15:49 of 3rd period - Wrist shot by Frans Nielsen.
15:49 of 3rd period - Shot Misses the Net.
16:09 of 3rd period - Slapshot by Colton Parayko.
16:09 of 3rd period - Stopped by Robin Lehner with a rebound.
16:11 of 3rd period - Wrist shot by Viktor Stalberg.
16:11 of 3rd period - Stopped by Robin Lehner without a rebound.
16:12 of 3rd period - Henrik Sedin wins face-off versus Tim Connolly in Golden Knights zone.
16:20 of 3rd period - Minor Penalty to Tim Connolly for Hooking.
16:21 of 3rd period - Henrik Sedin wins face-off versus Michael Frolik in Golden Knights zone.
16:33 of 3rd period - Patrice Cormier is hit by Corey Perry and loses puck.
16:48 of 3rd period - Raphael Diaz is hit by Alex Tanguay.
18:20 of 3rd period - Penalty to Tim Connolly is over, Tim Connolly is back on ice.
18:38 of 3rd period - Shaone Morrisonn is hit by Scottie Upshall and loses puck.
18:53 of 3rd period - Canadiens, Henrik Lundqvist is pulled from the net.
18:57 of 3rd period - Wrist shot by Benoit Pouliot.
18:57 of 3rd period - Stopped by Robin Lehner with a rebound.
18:59 of 3rd period - Snap shot by Frans Nielsen.
18:59 of 3rd period - Stopped by Robin Lehner without a rebound.
19:00 of 3rd period - Guy Carbonneau call a timeout for Canadiens.
19:00 of 3rd period - Frans Nielsen wins face-off versus Patrice Cormier in Golden Knights zone.
19:03 of 3rd period - Snap shot by Benoit Pouliot.
19:03 of 3rd period - Shot Misses the Net.
19:05 of 3rd period - Snap shot by Benoit Pouliot.
19:05 of 3rd period - Stopped by Robin Lehner without a rebound.
19:06 of 3rd period - Patrice Cormier wins face-off versus Frans Nielsen in Golden Knights zone.
19:19 of 3rd period - Slapshot by Frans Nielsen.
19:19 of 3rd period - Shot Misses the Net.
19:21 of 3rd period - Slapshot by Mark Stuart.
19:21 of 3rd period - Stopped by Robin Lehner without a rebound.
19:22 of 3rd period - Patrice Cormier wins face-off versus Frans Nielsen in Golden Knights zone.
19:43 of 3rd period - Wrist shot by Corey Perry.
19:43 of 3rd period - Stopped by Robin Lehner with a rebound.
19:45 of 3rd period - Snap shot by Mark Stuart.
19:45 of 3rd period - Stopped by Robin Lehner with a rebound.
19:47 of 3rd period - Snap shot by Frans Nielsen.
19:47 of 3rd period - Shot Misses the Net.
19:49 of 3rd period - Slapshot by Corey Perry.
19:49 of 3rd period - Shot Blocked by Chris Higgins.
19:51 of 3rd period - Slapshot by Mark Stuart.
19:51 of 3rd period - Shot Misses the Net.
19:59 of 3rd period - Slapshot by Frans Nielsen.
19:59 of 3rd period - Stopped by Robin Lehner with a rebound.
Goals for this period are 0 for Canadiens vs 0 for Golden Knights.
Shots for this period are 14 for Canadiens vs 6 for Golden Knights.
Back to the Top